 Dungeon Crawl Stone Soup version 0.16.1-11-g651b585 (webtiles) character file.

46487 Siriah the Convoker (level 14, -9/58 HPs)
             Began as a Felid Summoner on Mar 29, 2015.
             Was an Initiate of Gozag.
             Hit by a large rock thrown by Polyphemus (36 damage)
             ... on level 3 of the Shoals on Apr 1, 2015.
             The game lasted 03:46:07 (27425 turns).

Siriah the Convoker (Felid Summoner)               Turns: 27425, Time: 03:46:08

Health: -9/58      AC:  3    Str:  7    XL:     14   Next: 5%
Magic:  21/35      EV: 27    Int: 22    God:    Gozag
Gold:   6997       SH:  0    Dex: 18    Spells: 6 memorised, 15 levels left
                                        Lives:  0   Deaths: 4

rFire  . . .     SeeInvis +       - Unarmed
rCold  + . .     Clarity  .     (armour unavailable)
rNeg   . . .     SustAb   .     (shield unavailable)
rPois  .         Gourm    .     (helmet unavailable)
rElec  .         Spirit   .     (cloak unavailable)
rCorr  .         Warding  .     (gloves unavailable)
rMut   .         Stasis   .     (boots unavailable)
MR     ++...                    f - amulet of regeneration
Stlth  ++++++....               U - +3 ring of strength
                                H - +5 ring of slaying

@: quick, very resistant to hostile enchantments, very stealthy
A: paw claws, no armour, no weapons or thrown items, fangs 3, see invisible,
carnivore 3, speed 1, shaggy fur 3, slow metabolism 1, sharp paws
a: Potion Petition, Call Merchant, Bribe Branch, Renounce Religion


You were on level 3 of the Shoals.
You worshipped Gozag.
Gozag was noncommittal.
You were not hungry.

You visited 4 branches of the dungeon, and saw 25 of its levels.
You also visited: Labyrinth, Bailey and Ice Cave.

You collected 7181 gold pieces.
You spent 14 gold pieces at shops.
You paid 170 gold pieces to Gozag.

Inventory:

Jewellery
 f - an amulet of regeneration (around neck)
 t - an uncursed ring of positive energy
 H - a +5 ring of slaying (left paw)
 T - an uncursed ring of ice
 U - a +3 ring of strength (right paw)
 V - an uncursed ring of teleport control
Magical devices
 b - a wand of polymorph (2)
 d - a wand of slowing (15)
 q - a wand of confusion (18)
 s - a wand of fire (0)
 v - a wand of disintegration (7)
 w - a wand of flame (29)
 y - a wand of hasting (5)
 z - a wand of disintegration (15)
 C - a wand of paralysis (12)
 D - a wand of flame (6)
 F - a wand of confusion (9)
 G - a wand of cold (7)
 I - a wand of frost (22)
 L - a wand of enslavement (11)
 N - a wand of polymorph (15)
 O - a wand of disintegration (10)
 Q - a wand of heal wounds (0)
 X - a wand of paralysis (5)
 Y - a wand of polymorph (17)
 Z - a wand of draining (0)
Scrolls
 a - 13 scrolls of identify
 g - 20 scrolls of remove curse
 r - 2 scrolls of magic mapping
 u - 2 scrolls of recharging
 x - 3 scrolls of fog
 J - a scroll of vulnerability
 S - a scroll of teleportation
 W - a scroll of amnesia
Potions
 e - 4 potions of brilliance
 i - a potion of cancellation
 k - 2 potions of invisibility
 l - a potion of haste
 m - 3 potions of agility
 n - 2 potions of cure mutation
 o - 2 potions of curing
 B - 3 potions of might
 K - a potion of resistance
 P - a potion of flight
Books
 h - the Grimoire of Creation
   (You acquired it on level 4 of the Lair of Beasts)

   Spells                             Type                      Level
   a - Summon Small Mammal            Summoning                    1
   b - Abjuration                     Summoning                    3
   c - Summon Mana Viper              Hexes/Summoning              5
   d - Summon Forest                  Summoning/Translocation      5
   e - Summon Demon                   Summoning                    5
 R - a book of the Tempests

   Spells                             Type                      Level
   a - Static Discharge               Conjuration/Air              3
   b - Lightning Bolt                 Conjuration/Air              5
   c - Fireball                       Conjuration/Fire             5
   d - Tornado                        Air                          9
   e - Shatter                        Earth                        9
Miscellaneous
 j - a stone of tremors
 A - a box of beasts {used: 2}
 E - a disc of storms
 M - a phial of floods
Comestibles
 c - 4 meat rations
 p - 12 beef jerkies


   Skills:
 + Level 5.6 Fighting
 + Level 10.3 Dodging
 + Level 11.2 Stealth
 + Level 5.2 Unarmed Combat
 + Level 12.1 Spellcasting
 - Level 0.8 Hexes
 * Level 17.3 Summonings
 + Level 1.1 Translocations
 - Level 1.0 Ice Magic
 - Level 1.0 Air Magic
 + Level 7.8 Evocations


You had 15 spell levels left.
You knew the following spells:

 Your Spells              Type           Power        Failure   Level  Hunger
a - Summon Forest         Summ/Tloc      ######....   3%          5    ####...
b - Call Imp              Summ           ######..     0%          2    None
c - Call Canine Familiar  Summ           ######..     0%          3    None
d - Summon Lightning Spi  Summ/Air       ######..     1%          4    None
e - Summon Ice Beast      Ice/Summ       ######..     1%          4    None
f - Summon Guardian Gole  Hex/Summ       ######..     1%          4    None


Dungeon Overview and Level Annotations

Branches:
Dungeon (14/15)            Temple (1/1) D:7            Lair (7/8) D:11
 Shoals (3/5) Lair:4       Spider (0/5) Lair:5        Slime (0/6) Lair:6
    Orc (0/4) D:10         Vaults (0/5) D:14

Altars:
Ashenzari
Cheibriados
Dithmenos
Elyvilon
Fedhas
Gozag
Kikubaaqudgha
Makhleb
Nemelex Xobeh
Okawaru
Qazlal
Ru
Sif Muna
Trog
Vehumet
Xom
Yredelemnul
Zin
The Shining One
Jiyva

Shops:
D:5 [   D:6 *   D:7 (

Annotations:
D:10 !Guardian serpent and loot
D:12 2 runed doors
Shoals:3 Polyphemus


Innate Abilities, Weirdness & Mutations

You cannot wear armour.
You are incapable of wielding weapons or throwing items.
You have razor-sharp teeth.
You have supernaturally acute eyesight.
You are carnivorous and can eat meat at any time.
You cover ground quickly.
Your thick and shaggy fur keeps you warm (AC +3, rC+).
You have a slow metabolism.
Your paws have sharp claws that are effective at stabbing.


Message History

You see here a large rock.
There is a stone staircase leading down here.
Found a chain mail.
Found a scroll of teleportation.
Space becomes stable.
Your magical contamination has completely faded away.
S - a scroll of teleportation Your warg disappears in a puff of smoke!
You enter the shallow water.
Moving in this stuff is going to be slow.
Polyphemus throws a large rock.
The large rock hits you!!
You see here a large rock.
The death yak bellows!
You enter the shallow water.
Moving in this stuff is going to be slow.
Polyphemus roars, "Attack, my pets!
Attack!"
Polyphemus throws a large rock.
The large rock hits you!!!
Ouch! That really hurt!
You die...
Your body crumbles into a pile of gold.

≈≈≈≈≈≈≈≈≈..C≈≈≈≈≈≈≈≈
≈.≈≈≈≈≈.≈≈...≈≈≈≈≈≈≈≈
....≈.....(#.≈≈≈≈≈≈≈≈≈
≈##....≈..###.≈.≈≈≈≈≈≈
#....≈≈.###.≈≈≈≈≈≈≈≈
≈...≈≈≈≈..#..≈≈≈≈≈≈≈≈
...≈≈≈≈≈≈..≈≈≈≈≈≈≈≈≈≈
#...≈≈≈≈≈≈≈..≈≈≈≈≈≈≈≈≈
##..≈≈≈≈≈≈≈.Y@.≈≈≈≈≈≈≈≈
....≈≈≈≈≈≈≈.###.≈≈≈≈≈≈≈≈
≈≈..≈≈≈≈≈≈≈.##
#.≈≈≈≈≈≈≈≈ ≈≈≈..[.≈≈≈..#
#.≈≈≈≈≈≈≈≈ ≈≈≈...≈≈≈.###
##.≈≈≈≈≈≈≈≈ ≈≈≈≈≈≈....##
#.≈≈≈≈≈≈≈≈≈ ≈≈≈≈≈....##
#.≈≈≈≈≈≈≈≈ ≈≈≈≈..≈≈Y##
#.≈≈≈≈≈≈≈≈ ......≈≈.P##
#.≈≈≈≈≈≈≈≈


You could see Polyphemus and a death yak.

Vanquished Creatures
  A centaur warrior (D:14)
  A catoblepas (Lair:4)
  2 death yaks (Lair:4)
  2 unseen horrors
  2 sea snakes (Shoals:2)
  3 ice statues (IceCv)
  A wizard (D:14)
  2 ice devils (IceCv)
  4 harpies
  2 griffons
  2 ugly things (D:14)
  A necromancer (D:14)
  A hill giant (D:13)
  A faun (Shoals:2)
  2 centaur zombies
  A black mamba (Lair:1)
  The ghost of BLOAX the Chopper, an experienced DDBe of Trog (D:5)
  2 anaconda simulacra (IceCv)
  6 spiny frogs
  4 komodo dragons
  2 trolls
  A fire drake (Lair:7)
  A blue devil (IceCv)
  3 blink frogs
  A wraith (D:14)
  A basilisk (Lair:2)
  A trapdoor spider (D:14)
  A deep elf mage (D:11)
  3 wyverns (Lair:6)
  3 humans (D:14)
  4 yaks
  6 hippogriffs
  An iron troll simulacrum (IceCv)
  A warg (Lair:4)
  4 harpy simulacra (IceCv)
  4 water moccasins
  A soldier ant (D:10)
  5 ice beasts
  A centaur (D:7)
  6 porcupines
  An orc warrior (Bailey)
  A wasp (D:8)
  An ettin simulacrum (IceCv)
  3 crocodiles
  9 giant frogs
  3 scorpions
  8 wights
  7 killer bees
  Dowan (D:5)
  A quasit (D:8)
  A giant frog zombie (D:12)
  A crimson imp (D:9)
  12 hounds
  2 centaur skeletons
  2 giant frog skeletons
  3 jellies
  An orc wizard (D:8)
  2 polar bear simulacra (Lair:4)
  3 iguanas
  2 worker ants
  A wolf simulacrum (Lair:4)
  7 sheep
  A killer bee zombie (D:5)
  2 hound skeletons
  A gnoll (D:4)
  4 worker ant zombies
  27 river rats
  11 adders
  A worm (D:3)
  An adder skeleton (D:9)
  2 oozes
  7 orcs
  A ball python (D:2)
  10 bats
  2 giant cockroaches
  6 hobgoblins
  2 jackals (D:5)
  16 kobolds
  8 quokkas
  3 giant geckos
  A giant gecko skeleton (D:6)
  3 giant newts
  A giant spore (D:13)
  4 goblins
  9 rats
  5 ballistomycetes
291 creatures vanquished.

Vanquished Creatures (collateral kills)
  3 azure jellies (Lair:6)
  Snorg (Lair:7)
  A vault guard (D:14)
  A minotaur (Lab)
  A rakshasa (D:14)
  4 hydras
  2 catoblepae
  5 death yaks (Lair:4)
  A merfolk avatar (Shoals:1)
  Erica (Lair:3)
  A centaur warrior (D:14)
  Nergalle (D:12)
  3 ice devils (IceCv)
  An unseen horror (D:10)
  A fire crab (Shoals:3)
  4 sea snakes
  8 hill giants
  An ice statue (IceCv)
  A necromancer (Lair:4)
  5 ugly things
  4 harpies
  An oklob plant (Lair:5)
  3 griffons
  A wolf spider (D:13)
  4 cyclopes
  5 manticores
  A faun (Shoals:2)
  An elephant (D:14)
  4 black mambas
  An octopode (shapeshifter) (D:13)
  Joseph (D:7)
  7 sirens
  2 drowned souls (Shoals:1)
  5 gargoyles
  5 spiny frogs
  4 komodo dragons
  An efreet (D:13)
  3 blue devils (IceCv)
  4 merfolk
  Sonja (Shoals:1)
  3 polar bears
  5 trolls
  2 freezing wraiths (D:14)
  An anaconda simulacrum (IceCv)
  3 slime creatures
  3 jumping spiders (Lair:5)
  A giant leech (shapeshifter) (D:14)
  2 snapping turtles
  A boulder beetle (Lair:5)
  2 trapdoor spider zombies (D:10)
  8 blink frogs
  A dire elephant simulacrum (IceCv)
  4 two-headed ogres
  28 yaks
  A trapdoor spider (D:13)
  A redback (Lair:5)
  A vampire mosquito (D:13)
  A vampire (D:14)
  8 wyverns
  6 hungry ghosts
  15 humans (D:14)
  A water elemental (D:12)
  A golden eye (shapeshifter) (D:14)
  4 deep elf magi
  5 hippogriffs
  A mottled dragon (D:13)
  Edmund (D:5)
  3 porcupines
  7 water moccasins
  4 sky beasts
  5 necrophages
  22 ice beasts
  8 orc warriors
  A swamp drake (D:10)
  A wasp (D:14)
  3 black bears
  7 ogres
  4 centaurs
  A boring beetle (Lair:7)
  2 phantoms
  Sigmund (D:2)
  Duvessa (D:5)
  4 crocodiles
  A big kobold (D:10)
  Blork the orc (D:6)
  A lightning spire (Lair:6)
  12 giant frogs
  A wyvern zombie (D:13)
  A water moccasin zombie (D:8)
  4 scorpions
  16 killer bees
  12 wights
  2 centaur zombies
  4 crimson imps
  7 hounds
  3 goliath beetles
  A centaur skeleton (D:11)
  17 orc wizards
  A quasit (D:9)
  6 orc priests
  4 jellies
  12 worker ants
  2 iguanas
  A polar bear simulacrum (Lair:4)
  10 sheep
  3 wolf simulacra (Lair:4)
  A yak simulacrum (Lair:4)
  Terence (D:2)
  29 river rats
  7 gnolls
  A shadow imp (D:11)
  12 adders
  A giant mite (D:7)
  A white imp (D:14)
  3 worms
  An adder skeleton (D:7)
  An adder zombie (D:5)
  A giant gecko (D:3)
  36 orcs
  4 giant cockroaches
  9 goblins
  11 hobgoblins
  3 jackals
  10 kobolds
  4 quokkas
  4 ball pythons
  7 bats
  A giant newt (D:3)
  A giant spore (D:11)
  5 rats
  3 river rat simulacra (Lair:4)
  A ballistomycete (D:13)
  2 butterflies (Lair:4)
  2 fungi (Lair:7)
  25 plants
597 creatures vanquished.

Vanquished Creatures (others)
  2 death yaks (Lair:4)
  3 drowned souls (Shoals:1)
  4 dryads
  19 guardian golems
  A chimera (IceCv)
  60 wolves
  66 wargs
  69 ice beasts
  28 crimson imps
  9 iron imps
  17 hounds
  An adder (D:11)
  74 lightning spires
  23 shadow imps
  31 white imps
  2 orcs
  A bat (D:14)
  10 quokkas
  3 rats (D:1)
  A fungus (Lair:6)
  3 plants
  A snaplasher vine (Shoals:3)
  461 snaplasher vine segments
889 creatures vanquished.

Grand Total: 1777 creatures vanquished

Notes
Turn   | Place    | Note
--------------------------------------------------------------
     0 | D:1      | Siriah, the Felid Summoner, began the quest for the Orb.
     0 | D:1      | Reached XP level 1. HP: 7/7 MP: 4/4
   271 | D:1      | Reached XP level 2. HP: 11/11 MP: 1/5
   284 | D:1      | Learned a level 2 spell: Call Imp
   886 | D:2      | Reached XP level 3. HP: 7/15 MP: 1/8
   902 | D:2      | Learned a level 3 spell: Call Canine Familiar
  1159 | D:2      | Noticed Sigmund
  1169 | D:2      | Killed Sigmund
  1169 | D:2      | Reached skill level 1 in Fighting
  1169 | D:2      | Reached XP level 4. HP: 19/19 MP: 2/11
  1177 | D:2      | Reached skill level 1 in Unarmed Combat
  1293 | D:2      | Noticed Terence
  1322 | D:2      | Killed Terence
  1572 | D:3      | Reached skill level 5 in Summonings
  2114 | D:4      | Reached XP level 5. HP: 15/22 MP: 12/12
  2775 | D:5      | Entered Level 5 of the Dungeon
  2796 | D:5      | Found a shattered altar of Ashenzari.
  2798 | D:5      | Noticed BLOAX's ghost (experienced DDBe)
  2902 | D:5      | Killed BLOAX's ghost
  2902 | D:5      | Reached skill level 6 in Summonings
  2902 | D:5      | Gained mutation: You are covered in thick fur (AC +2). [growing up]
  2902 | D:5      | Reached XP level 6. HP: 26/26 MP: 1/17
  2908 | D:5      | Learned a level 4 spell: Summon Lightning Spire
  2958 | D:5      | Reached XP level 7. HP: 11/29 MP: 10/19
  3177 | D:5      | Found Weegoef's Armour Boutique.
  3217 | D:5      | Noticed a sky beast
  3238 | D:5      | Killed a sky beast
  3332 | D:5      | Noticed an ice beast
  3353 | D:5      | Killed an ice beast
  3385 | D:5      | Noticed Edmund
  3401 | D:5      | Killed Edmund
  3401 | D:5      | Reached skill level 7 in Summonings
  3767 | D:5      | Noticed Duvessa
  3770 | D:5      | Noticed an ogre
  3771 | D:5      | Noticed Dowan
  3787 | D:5      | Killed Duvessa
  3787 | D:5      | Reached skill level 5 in Stealth
  3790 | D:5      | Killed an ogre
  3801 | D:5      | Killed Dowan
  3854 | D:5      | Reached XP level 8. HP: 31/34 MP: 12/21
  4254 | D:6      | Noticed Blork the orc
  4277 | D:6      | Killed Blork the orc
  4473 | D:6      | Found Pistrom's Serpentskin Sales.
  4492 | D:6      | Bought a potion of poison for 14 gold pieces
  4521 | D:6      | Reached skill level 8 in Summonings
  4541 | D:6      | Found a snail-covered altar of Cheibriados.
  4560 | D:6      | Killed from afar by an orc wizard
  4561 | D:6      | Reached XP level 7. HP: -6/30 MP: 5/21
  4949 | D:6      | Reached skill level 5 in Spellcasting
  4977 | D:7      | Found Kluwuvatt's Weapon Shop.
  5112 | D:7      | Reached XP level 8. HP: 34/34 MP: 22/22
  5244 | D:7      | Reached skill level 9 in Summonings
  5397 | D:7      | Found a shadowy altar of Dithmenos.
  5529 | D:7      | Noticed Joseph
  5533 | D:7      | Reached skill level 5 in Dodging
  5657 | D:7      | Killed Joseph
  5802 | D:7      | Found a staircase to the Ecumenical Temple.
  5808 | Temple   | Entered the Ecumenical Temple
  5978 | Temple   | Became a worshipper of Gozag Ym Sagoz the Greedy
  6298 | D:8      | Reached XP level 9. HP: 38/38 MP: 13/25
  6340 | D:8      | Found a sacrificial altar of Ru.
  6340 | D:8      | Found a blossoming altar of Fedhas.
  6341 | D:8      | Found a glowing golden altar of the Shining One.
  6479 | D:8      | Noticed a two-headed ogre
  6506 | D:8      | Killed a two-headed ogre
  6639 | D:8      | Learned a level 4 spell: Summon Ice Beast
  6713 | D:8      | Reached skill level 10 in Summonings
  7392 | D:9      | Found an ancient bone altar of Kikubaaqudgha.
  7619 | D:9      | Reached skill level 1 in Ice Magic
  8388 | D:10     | Entered Level 10 of the Dungeon
  8535 | D:10     | Reached XP level 10. HP: 40/42 MP: 19/27
  8654 | D:10     | Found a flagged portal.
  8669 | Bailey   | Entered a bailey
  8750 | Bailey   | Reached skill level 1 in Evocations
  8771 | Bailey   | Found an iron altar of Okawaru.
  8849 | Bailey   | Identified Lehudib's Incunabulum of Confrontation
  9027 | D:10     | Noticed an unseen horror
  9039 | D:10     | Killed an unseen horror
  9039 | D:10     | Reached skill level 11 in Summonings
  9197 | D:10     | Noticed a guardian serpent
  9207 | D:10     | Killed from afar by a guardian serpent
  9208 | D:10     | Reached XP level 9. HP: -16/39 MP: 24/27
  9806 | D:10     | Found a staircase to the Orcish Mines.
  9979 | D:11     | Noticed a hill giant
  9995 | D:11     | Noticed an elephant
  9995 | D:11     | Killed a hill giant
  9999 | D:11     | Noticed a hill giant
 10073 | D:11     | Found a staircase to the Lair.
 10262 | D:11     | Killed a hill giant
 10262 | D:11     | Reached XP level 10. HP: 42/42 MP: 6/28
 10377 | D:11     | Noticed a manticore
 10401 | D:11     | Noticed a hill giant
 10409 | D:11     | Killed a manticore
 10420 | D:11     | Killed a hill giant
 10420 | D:11     | Reached skill level 12 in Summonings
 10460 | D:11     | Noticed a centaur zombie
 10482 | D:11     | Killed a centaur zombie
 10539 | D:11     | Noticed a hill giant
 10555 | D:11     | Killed a hill giant
 10819 | D:12     | Noticed a seven-headed hydra
 10937 | D:11     | Noticed a purple ugly thing
 10958 | D:11     | Killed a purple ugly thing
 11111 | D:12     | Noticed Nergalle
 11120 | D:12     | Killed Nergalle
 11175 | D:12     | Killed a seven-headed hydra
 11479 | D:12     | Found a runed door.
 11480 | D:12     | Found a runed door.
 11508 | D:12     | Noticed a hill giant
 11526 | D:12     | Killed a hill giant
 11865 | D:12     | Reached XP level 11. HP: 46/46 MP: 13/30
 11879 | D:12     | Noticed a skeletal warrior
 11880 | D:12     | Noticed a skeletal warrior
 11880 | D:12     | Noticed a skeletal warrior
 11881 | D:12     | Noticed a skeletal warrior
 12092 | D:12     | Noticed a hill giant
 12092 | D:12     | Noticed an unseen horror
 12098 | D:12     | Killed a hill giant
 12121 | D:12     | Killed an unseen horror
 12131 | D:12     | Reached skill level 13 in Summonings
 13262 | D:13     | Noticed a hill giant
 13322 | D:13     | Killed a hill giant
 13556 | D:14     | Noticed a rakshasa
 13597 | D:14     | Killed a rakshasa
 13670 | D:14     | Noticed an unseen horror
 13686 | D:14     | Killed an unseen horror
 14086 | D:14     | Noticed a centaur warrior
 14101 | D:14     | Killed a centaur warrior
 14206 | D:14     | Noticed a catoblepas
 14337 | D:14     | Reached skill level 14 in Summonings
 14372 | D:14     | Noticed a wizard
 14482 | D:14     | Killed a wizard
 14523 | D:14     | Noticed a necromancer
 14540 | D:14     | Killed a necromancer
 14544 | D:14     | Gained mutation: Your thick and shaggy fur keeps you warm (AC +3, rC+). [growing up]
 14544 | D:14     | Reached XP level 12. HP: 50/50 MP: 13/32
 14632 | D:14     | Found a gate to the Vaults.
 14632 | D:14     | Noticed a wizard
 14632 | D:14     | Noticed a necromancer
 14632 | D:14     | Noticed a vault guard
 14925 | D:14     | Killed a vault guard
 14925 | D:14     | Reached skill level 10 in Spellcasting
 14989 | D:14     | Noticed a hill giant
 15117 | D:14     | Killed a hill giant
 15127 | D:14     | Learned a level 4 spell: Summon Guardian Golem
 15303 | D:14     | Killed a catoblepas
 15519 | D:14     | Noticed an ice dragon
 15645 | D:14     | Killed an elephant
 15792 | D:14     | Slain by a freezing wraith
 15793 | D:14     | Reached XP level 11. HP: 0/46 MP: 9/31
 15946 | D:14     | Noticed a centaur warrior
 15961 | D:14     | Killed a centaur warrior
 16156 | Lair:1   | Entered Level 1 of the Lair of Beasts
 16462 | Lair:1   | Reached skill level 15 in Summonings
 17138 | Lair:2   | Found a white marble altar of Elyvilon.
 17785 | Lair:3   | Found a labyrinth entrance.
 17821 | Lab      | Entered a labyrinth
 18008 | Lab      | Reached XP level 12. HP: 38/51 MP: 19/32
 18183 | Lab      | Noticed a minotaur
 18192 | Lab      | Killed a minotaur
 18199 | Lab      | Identified the Compendium of Malediction and Air
 18214 | Lair:3   | Noticed a four-headed hydra
 18238 | Lair:3   | Killed a four-headed hydra
 18238 | Lair:3   | Reached skill level 10 in Stealth
 18348 | Lair:3   | Noticed Erica
 18357 | Lair:3   | Killed Erica
 19359 | Lair:4   | Noticed a catoblepas
 19375 | Lair:4   | Killed a catoblepas
 19375 | Lair:4   | Reached skill level 5 in Fighting
 20000 | Lair:4   | Reached skill level 1 in Air Magic
 20891 | Lair:4   | Found a staircase to the Shoals.
 20923 | Lair:4   | Upgraded the game from 0.16.1-7-g2c6721e to 0.16.1-11-g651b585
 21221 | Lair:5   | Found a hole to the Spider Nest.
 21660 | Lair:5   | Found a stormy altar of Qazlal.
 21669 | Lair:5   | Reached skill level 16 in Summonings
 21669 | Lair:5   | Reached XP level 13. HP: 54/54 MP: 28/34
 22534 | Lair:6   | Found a runed door.
 22535 | Lair:6   | Found a viscous altar of Jiyva.
 22536 | Lair:6   | Noticed an azure jelly
 22547 | Lair:6   | Found a staircase to the Slime Pits.
 22551 | Lair:6   | Noticed an azure jelly
 22551 | Lair:6   | Noticed an azure jelly
 22552 | Lair:6   | Noticed an azure jelly
 22961 | Lair:6   | Killed an azure jelly
 23084 | Lair:6   | Killed an azure jelly
 23084 | Lair:6   | Reached skill level 5 in Unarmed Combat
 23133 | Lair:6   | Killed an azure jelly
 23795 | Lair:7   | Noticed Snorg
 23890 | Lair:7   | Killed Snorg
 24433 | Shoals:1 | Entered Level 1 of the Shoals
 24483 | Lair:4   | Identified a scroll of acquirement
 24534 | Lair:4   | Identified the Grimoire of Creation (You acquired it on level 4 of the Lair of Beasts)
 24541 | Lair:4   | Learned a level 5 spell: Summon Forest
 24794 | Shoals:1 | Reached XP level 14. HP: 38/58 MP: 33/35
 25049 | Shoals:1 | Noticed Sonja
 25067 | Shoals:1 | Killed Sonja
 25331 | Shoals:2 | Found a frozen archway.
 25332 | Shoals:2 | Reached skill level 1 in Translocations
 25408 | IceCv    | Entered an ice cave
 25952 | IceCv    | Reached skill level 17 in Summonings
 26481 | IceCv    | Noticed an Ice Fiend
 26721 | Shoals:2 | Reached skill level 10 in Dodging
 27139 | Shoals:2 | Reached XP level 15. HP: 28/61 MP: 3/36
 27287 | Shoals:3 | Engulfed by a fire crab's flame
 27288 | Shoals:3 | Reached XP level 14. HP: -1/58 MP: 11/35
 27361 | Shoals:3 | Noticed Polyphemus
 27425 | Shoals:3 | Hit by a large rock thrown by Polyphemus

Action                   |  1- 3 |  4- 6 |  7- 9 | 10-12 | 13-15 || total
-------------------------+-------+-------+-------+-------+-------++-------
Melee: Unarmed           |   110 |   150 |   303 |   515 |   347 ||  1425
 Cast: Summon Small Mamm |    17 |     3 |    14 |     7 |       ||    41
       Call Imp          |    11 |    19 |    57 |    80 |     8 ||   175
       Call Canine Famil |     3 |    13 |    57 |   146 |    42 ||   261
       Summon Lightning  |       |       |    43 |    88 |    30 ||   161
       Summon Ice Beast  |       |       |    19 |   110 |   109 ||   238
       Summon Guardian G |       |       |       |    31 |     6 ||    37
       Summon Forest     |       |       |       |       |    16 ||    16
Evoke: Wand              |       |     4 |     8 |    31 |    41 ||    84
       Box of beasts     |       |       |       |     3 |     1 ||     4
  Use: Scroll            |       |     6 |    14 |    13 |     7 ||    40
       Potion            |       |       |    11 |     2 |     4 ||    17
 Stab: Sleeping          |     6 |     8 |    27 |    56 |    28 ||   125
       Distracted        |       |     1 |     9 |    20 |     8 ||    38
  Eat: Chunk             |    10 |     5 |    19 |       |       ||    34
       Pizza             |       |       |     1 |     3 |       ||     4
       Royal jelly       |       |       |     1 |     2 |       ||     3
       Meat ration       |       |       |       |     6 |     3 ||     9
